 Dungeon Crawl Stone Soup version 0.31.0-11-ge490571c62 (webtiles) character file.

Game seed: 4167004809685386528

84 EonDragon20 the Changeling (level 4, -4/32 HPs)
             Began as a Merfolk Shapeshifter on Feb 10, 2024.
             Slain by Natasha (7 damage)
             ... on level 2 of the Dungeon.
             The game lasted 00:02:37 (1649 turns).

EonDragon20 the Changeling (Merfolk Shapeshifter)   Turns: 1649, Time: 00:02:38

Health: -4/32      AC:  2    Str: 14    XL:     4   Next: 45%
Magic:  4/4        EV: 12    Int:  9    God:
Gold:   60         SH:  0    Dex: 15    Spells: 3/3 levels left

rFire   . .          .
                       - Unarmed
rCold   . . .        (no shield)
rNeg    . . .        a - +0 animal skin
rPois   .            (helmet currently unavailable)
rElec   .            (cloak currently unavailable)
rCorr   .            (gloves currently unavailable)
SInv    .            (boots currently unavailable)
Will    .....        (no amulet)
Stlth   +            (no ring)
HPRegen 0.25/turn    (no ring)
MPRegen 0.09/turn

%: no passive effects
@: beast-form
A: beast (slay +3), (nimble swimmer 2), mertail
a: Begin Untransformation


You were on level 2 of the Dungeon.
You were a hulking beast.
You visited 1 branch of the dungeon, and saw 2 of its levels.

You collected 60 gold pieces.

Inventory:

Armour
 a - a +0 animal skin (worn)
Jewellery
 n - an amulet of the acrobat
Talismans
 c - a beast talisman
 d - a flux talisman
Scrolls
 e - a scroll of blinking {unknown}
 f - a scroll of enchant armour {unknown}
 i - a scroll of vulnerability {unknown}
 k - 2 scrolls of identify {unknown}
 m - a scroll of revelation {unknown}
 o - a scroll of noise {unknown}
 p - a scroll of teleportation {unknown}
 r - 2 scrolls of enchant weapon {unknown}
 s - a scroll of summoning {unknown}
Potions
 b - a potion of lignification
 g - a potion of curing {unknown}
 h - a potion of resistance {unknown}
 j - 2 potions of heal wounds {unknown}
 l - a potion of attraction {unknown}
 q - a potion of ambrosia {unknown}


   Skills:
 - Level 1.1 Fighting
 - Level 2.6 Dodging
 - Level 3.2 Unarmed Combat
 * Level 6.4 Shapeshifting


You had 3 spell levels left.
You didn't know any spells.
Your spell library contained the following spells:

 Spells                   Type           Power      Damage    Failure   Level
 Foxfire                  Conj/Fire      0%         2x1d4     38%         1
 Volatile Blastmotes      Fire/Tloc      0%         2d10      77%         3
 Fulminant Prism          Conj/Alch      0%         3d5       99%         4
 Iskenderun's Mystic Bla  Conj/Tloc      0%         2d3       99%         4


Dungeon Overview and Level Annotations

Branches:
Dungeon (2/15)

Altars:

Annotations:
D:2 Natasha, Sigmund


Innate Abilities, Weirdness & Mutations

You are a hulking beast.
Your limbs bulge with bestial killing power. (Slay +3)
((You are very nimble when in or above water. (Stealth+, EV+, Speed+++)))
Your lower body shifts to a powerful aquatic tail in water.


Message History

A goblin is nearby!
The goblin hits you with a +0 dagger.
You hit the goblin but do no damage. The goblin hits you with a +0 dagger.
You hit the goblin.
You kill the goblin!
Things that are here:
a +0 dagger; a goblin corpse HP restored.
Things that are here:
a +0 dagger; a goblin corpse
Things that are here:
a +0 dagger; a goblin corpse You see here 7 stones.
There is a stone staircase leading up here.
Natasha, Servant of Life and Death comes into view.
Natasha hisses angrily.
Natasha stares at you and mumbles some strange words.
The magic dart hits you! Natasha claws you.
You hit Natasha.
Natasha is lightly wounded.
Natasha claws you.
You hit Natasha.
Natasha is heavily wounded.
Natasha barely misses you.
You barely miss Natasha.
Natasha is heavily wounded.
Natasha claws you.
You hit Natasha.
Natasha is severely wounded.
Natasha claws you!
* * * LOW HITPOINT WARNING * * *
You closely miss Natasha.
Natasha is severely wounded.
Natasha closely misses you.
You hit Natasha but do no damage.
Natasha is severely wounded.
Natasha claws you!
You die...
Natasha curls up and begins to purr.

#.### #..######.#.# #.#.#.#.
#...# #......##.#.### #.#.#.#.
#...# #.............# #.#.#.#.
#...#########....#...###.#.#.#.
#........................#.#.#.
##############.......###.#.#.#.
#.##.##.....#.#.#. ...
#.##..#.###.#.#... #.# #####
#h###...# #.#.#... ... #...# #h#
#.#####.#.#..#
#.#######...####.#
#.......#.#.##
.................# #....####.#.#
.......##...##########<...##.#.#
......†##...#....##.......##.#.#
.......##...#.#...........##.#.#
.......##...#.#...........##.#.#
.......##...#.#....###.##..#...#


You could see Natasha.

Vanquished Creatures
  Natasha (D:2)
  A gnoll (D:1)
  4 dart slugs (D:1)
  4 ball pythons
  2 giant cockroaches
  6 hobgoblins
  6 jackals (D:1)
  3 kobolds
  4 bats (D:1)
  2 frilled lizards (D:1)
  3 goblins
  5 rats
41 creatures vanquished.

Notes
Turn   | Place    | Note
-------+----------+-------------------------------------------
     0 | D:1      | EonDragon20 the Merfolk Shapeshifter began the quest for
                  | the Orb.
     0 | D:1      | Reached XP level 1. HP: 15/15 MP: 1/1
    92 | D:1      | Reached XP level 2. HP: 16/21 MP: 2/2
   107 | D:1      | Reached skill level 5 in Shapeshifting
   210 | D:1      | Reached XP level 3. HP: 26/26 MP: 3/3
   840 | D:2      | Found a faded altar of an unknown god.
   848 | D:2      | Got Plato's Compendium of Phlogiston
   856 | D:2      | Noticed Natasha
   869 | D:2      | Killed Natasha
   870 | D:2      | Reached skill level 6 in Shapeshifting
   870 | D:2      | Reached XP level 4. HP: 24/32 MP: 4/4
  1255 | D:2      | Noticed Sigmund
  1640 | D:2      | Noticed Natasha
  1649 | D:2      | Slain by Natasha

Illustrated notes

Levels and vault maps discovered:
D:1:      dpeg_arrival_lava_temple_mockup, layout_basic
D:2:      layout_basic, shapermc_ecumenical_altar_rom_forum, uniq_natasha,
          uniq_jessica, uniq_sigmund

Skill      XL: |  1  2  3 |
---------------+----------+-----
Shapeshifting  | 5 6 |  6.4
Fighting       | |  1.1
Dodging        | |  2.6
Unarmed Combat | |  3.2

Action                     |  1- 3 |  4- 6 || total
---------------------------+-------+-------++-------
  Melee: Unarmed           |   105 |    18 ||   123
         Punch             |     2 |       ||     2
   Stab: Distracted        |     1 |       ||     1
         Sleeping          |     1 |       ||     1
 Armour: Animal skin       |    51 |    11 ||    62
  Dodge: Dodged            |    67 |     6 ||    73
